 Dungeon Crawl Stone Soup version 0.27.0-1-g7a089689b8 (webtiles) character file.

Game seed: 12957977864544051722

113 dolemite99 the Chopper (level 4, -1/39 HPs)
             Began as a Hill Orc Fighter on July 31, 2021.
             Killed by divine providence
             ... invoked by an orc priest
              (12 damage)
             ... on level 4 of the Dungeon.
             The game lasted 00:03:28 (2908 turns).

dolemite99 the Chopper (Hill Orc Fighter)           Turns: 2908, Time: 00:03:28

Health: -1/39      AC: 10    Str: 19    XL:     4   Next: 96%
Magic:  4/4        EV:  7    Int: 11    God:
Gold:   168        SH:  4    Dex: 10    Spells: 3/3 levels left

rFire    . . .     SeeInvis .   a - +0 war axe
rCold    + + .     Faith    .   p - +0 buckler
rNeg     . . .     Spirit   .   D - +0 chain mail of Vehumet's Hope {+Blink rElec rC++ Int+3}
rPois    .         Reflect  .   (no helmet)
rElec    +         Harm     .   x - +0 cloak
rCorr    .         Rampage  .   (no gloves)
Will     .....                  (no boots)
Stlth    ..........             (no amulet)
HPRegen  0.13/turn              (no ring)
MPRegen  0.09/turn              (no ring)

@: no status effects
A: no striking features
a: Convert to Beogh, Evoke Blink


You were on level 4 of the Dungeon.
You visited 1 branch of the dungeon, and saw 4 of its levels.

You collected 168 gold pieces.

Inventory:

Hand Weapons
 a - a +0 war axe (weapon)
 B - a -1 dagger of venom
Missiles
 f - 52 sling bullets
 j - 89 arrows
 k - 6 boomerangs (quivered)
 m - 81 stones
 t - 8 boomerangs of dispersal
 v - 27 poisoned darts
 A - a throwing net
Armour
 b - a +0 scale mail
 c - a +0 kite shield
 l - a +0 chain mail
 p - a +0 buckler (worn)
 x - a +0 cloak (worn)
 D - the +0 chain mail of Vehumet's Hope (worn) {+Blink rElec rC++ Int+3}
   (You found it on level 4 of the Dungeon)

   Int:       It affects your intelligence (+3).
   rC:        It greatly protects you from cold.
   rElec:     It insulates you from electricity.
   +Blink:    It lets you blink.
Jewellery
 E - the ring "Xefit" {Fire rElec rPois rN++ Dex-3}
   (You found it on level 4 of the Dungeon)

   [ring of fire]

   It enhances your fire magic.
   Dex:       It affects your dexterity (-3).
   rF:        It protects you from fire.
   rC:        It makes you vulnerable to cold.
   rElec:     It insulates you from electricity.
   rPois:     It protects you from poison.
   rN:        It greatly protects you from negative energy.
Scrolls
 g - a scroll of noise {unknown}
 h - a scroll of magic mapping {unknown}
 n - a scroll of identify {unknown}
 q - a scroll of silence {unknown}
 y - a scroll of brand weapon {unknown}
 C - a scroll of fog {unknown}
Potions
 d - a potion of might
 e - 2 potions of haste {unknown}
 i - a potion of magic {unknown}
 o - a potion of flight {unknown}
 r - a potion of heal wounds {unknown}
 s - 3 potions of curing {unknown}
 u - a potion of degeneration {unknown}
 w - a potion of attraction {unknown}
 z - a potion of resistance {unknown}
 F - a potion of lignification {unknown}


   Skills:
 - Level 3.6 Fighting
 + Level 6.6 Axes
 - Level 3.2 Armour
 - Level 3.2 Shields


You had 3 spell levels left.
You didn't know any spells.
Your spell library contained the following spells:

 Spells                   Type           Power      Damage    Failure   Level
 Chain Lightning          Conj/Air       0%         N/A       100%        9
 Fire Storm               Conj/Fire      0%         5d1       100%        9


Dungeon Overview and Level Annotations

Branches:
Dungeon (4/15)             Temple (0/1) D:4

Altars:

Shops:
D:3 =


Message History

Found 11 gold pieces and 9 poisoned darts.
The howler monkey howls!
You hit the orc priest.
The orc priest shouts, "Join the one true god or die!"
The orc priest is moderately wounded.
You hit the bush but do no damage. You hit the plant.
The plant begins to die.
You block the orc priest's attack. The orc completely misses you.
A ball python comes into view.
You barely miss the orc priest.
The orc priest is moderately wounded.
You barely miss the orc.
The orc priest shouts, "Join the one true god or die!"
You hit the plant but do no damage. You hit the bush but do no damage.
The orc priest hits you but does no damage.
An ogre comes into view. It is wielding a +0 giant club.
A giant cockroach comes into view.
The orc hits you but does no damage.
The orc priest invokes the aid of Beogh against you.
Beogh smites you!
You hear a shout!
You hit the orc priest.
The orc priest is heavily wounded.
You hit the bush but do no damage. You hit the plant. You slash the orc!
You kill the orc!
You hit the orc but do no damage.
A nearby plant withers and dies.
The orc barely misses you.
An ogre comes into view. It is wielding a +0 giant club.
The orc priest calls down the wrath of Beogh upon you.
You barely resist. You hit the orc priest.
The orc priest is almost dead.
You hit the bush. You hit the orc. The orc hits you with a +0 war axe!
The orc priest hits you but does no damage.
The orc barely misses you.
The orc priest mumbles some strange prayers to Beogh against you.
Beogh smites you!
* * * LOW HITPOINT WARNING * * *
The orc priest mumbles some strange prayers to Beogh against you.
Beogh smites you!
You die...

#.##.....#..#.#
#.######.#..#.#######
....................>
#.######..###..#.###
#.# #.........# ..#
##..###.#.##### ####
..........P.P..# <..#
####.##..PP..# .#.#
#.....#P.@P.# ...#
#.#...#.P...# .###
##..#PPoo.# .....
#(...oK##...# #.....
#..###O).....# #.....
#.. B.#####..# # ..[.
## .h.S .. ... ..#.B
. ... ...##..


You could see an ogre, a howler monkey, an orc priest, 2 orcs, 2 giant
cockroaches, a ball python and a kobold.

Vanquished Creatures
  An orc wizard (D:4)
  3 adders
  2 worms
  3 orcs (D:4)
  6 ball pythons
  2 bats
  5 endoplasms
  2 giant cockroaches
  A goblin (D:3)
  9 hobgoblins
  7 quokkas
  4 frilled lizards
  5 rats
50 creatures vanquished.

Vanquished Creatures (others)
  27 plants
27 creatures vanquished.

Grand Total: 77 creatures vanquished

Notes
Turn   | Place    | Note
-------+----------+-------------------------------------------
     0 | D:1      | dolemite99 the Hill Orc Fighter began the quest for the
                  | Orb.
     0 | D:1      | Reached XP level 1. HP: 19/19 MP: 1/1
   136 | D:1      | Reached skill level 3 in Axes
   314 | D:1      | Reached XP level 2. HP: 26/26 MP: 2/2
   465 | D:1      | Reached skill level 4 in Axes
  1090 | D:2      | Reached XP level 3. HP: 26/31 MP: 3/3
  1298 | D:2      | Reached skill level 5 in Axes
  2304 | D:3      | Reached XP level 4. HP: 39/39 MP: 4/4
  2432 | D:3      | Found a faded altar of an unknown god.
  2481 | D:3      | Found Tub Sast's Jewellery Shop.
  2505 | D:3      | You fall into a shaft and drop 1 floor!
  2541 | D:4      | Reached skill level 6 in Axes
  2769 | D:4      | Identified the +0 chain mail of Vehumet's Hope {+Blink
                  | rElec rC++ Int+3}
  2785 | D:4      | Identified the ring "Xefit" {Fire rElec rPois rN++ Dex-3}
  2890 | D:4      | Found a staircase to the Ecumenical Temple.
  2903 | D:4      | Noticed an ogre
  2904 | D:4      | Noticed an ogre
  2908 | D:4      | Killed from afar by an orc priest

Illustrated notes

Levels and vault maps discovered:
D:1:      dpeg_arrival_rooms_a, layout_loops_ring, minmay_tripent
D:2:      layout_loops_corners, st_stairs_5, roderic_roman_lattice
D:3:      wad_woods_settlement, layout_basic, serial_shops, shop_fountains,
          ebering_ecumenical_altar_rust
D:4:      layout_basic, nzn_wu_jian_council_hall, mainiacjoe_overflow_alcove_4,
          minmay_temple_entry_overgrown, minmay_circle_x

Skill      XL: |  1  2  3  4 |
---------------+-------------+-----
Axes           | 3 4 5 6 |  6.6
Fighting       | |  3.6
Armour         | |  3.2
Shields        | |  3.2

Action                   |  1- 3 |  4- 6 || total
-------------------------+-------+-------++-------
Melee: War axe           |    97 |    27 ||   124
Throw: Boomerang         |    23 |     5 ||    28
Armor: Scale mail        |    14 |       ||    14
       Chain mail        |    33 |    20 ||    53
Dodge: Dodged            |    23 |    13 ||    36
Block: Kite shield       |    15 |       ||    15
       Buckler           |    10 |     6 ||    16
